cohdb
Replays
Latest Replays
All Replays
Popular Replays
Top Player Replays
Match Explorer
How It Works
Community
CoH3 Stats
Reddit
Sign in to upload your games and track your stats! →
Sign in with Steam
Match 42747934
Unlisted
Match 42747934
Overview
Messages
Build Orders
End
Kettenkrad Recon Vehicle
Construct Infanterie Kompanie
Construct Infanterie Kompanie
Grenadier Squad
MG 42 Machine Gun Team
Grenadier Squad
Grenadier Squad
Construct Panzergrenadier Kompanie
Pak 40 Anti-tank Gun Team
Support Elements
Panzergrenadier Squad
Nebelwerfer 42 Rocket Launcher Team
StuG III G Assault Gun
Selects Breakthrough Battlegroup
Selects Assault Grenadiers
MG 42 Machine Gun Team
Selects Smoke Bombing Run
Selects Mechanized Assault Group
Selects Rapid Production
Panzergrenadier Officer Quarters
Medical Bunker
Mechanized Assault Group
Selects Blitzkrieg
Pak 40 Anti-tank Gun Team
Zazzels_ZA
juarez44barneond
FAQOV
Natty Boh
0
0
Comments
sign in to comment!
No comments posted yet!